 Dungeon Crawl Stone Soup version 0.26.0-7-g794d0892b4 (webtiles) character file.

Game seed: 17500339024451682016

363 Jerry the Distorting Tengu (level 6, -4/38 HPs)
             Began as a Tengu Abyssal Knight on Jan 11, 2021.
             Was a Believer of Lugonu.
             Killed by nerve-wracking pain
             ... invoked by Grinder
              (5 damage)
             ... on level 4 of the Dungeon.
             The game lasted 00:10:52 (4873 turns).

Jerry the Distorting Tengu (Tengu Abyssal Knight)   Turns: 4873, Time: 00:10:52

Health: -4/38      AC:  3    Str: 15    XL:     6   Next: 67%
Magic:  10/10      EV: 11    Int: 12    God:    Lugonu [**....]
Gold:   168        SH:  0    Dex: 13    Spells: 5/5 levels left

rFire    . . .     SeeInvis .   a - +2 mace
rCold    . . .     Faith    .   (no shield)
rNeg     . . .     Spirit   .   b - +0 leather armour
rPois    +         Reflect  .   (helmet restricted)
rElec    .         Harm     .   (no cloak)
rCorr    .         Rampage  .   (no gloves)
Will     .....                  (boots unavailable)
Stlth    +.........             (no amulet)
HPRegen  0.12/turn              f - ring of poison resistance
MPRegen  0.12/turn              (no ring)

@: very slightly contaminated, invisible
A: beak, talons 3, able to fly
a: Fly, Renounce Religion, Depart the Abyss, Bend Space


You were on level 4 of the Dungeon.
You worshipped Lugonu.
Lugonu was pleased with you.
You visited 1 branch of the dungeon, and saw 4 of its levels.
You visited the Abyss 1 time.

You collected 168 gold pieces.

Inventory:

Hand Weapons
 a - a +2 mace (weapon)
Armour
 b - a +0 leather armour (worn)
 o - a +0 scale mail
Jewellery
 f - a ring of poison resistance (left hand)
 j - an uncursed ring of resist corrosion
Scrolls
 c - a scroll of enchant weapon
 i - a scroll of identify
 k - 2 scrolls of remove curse
 q - 2 scrolls of immolation
 r - a scroll of fog {unknown}
 t - a scroll of enchant armour {unknown}
Potions
 e - a potion of flight {unknown}
 g - a potion of ambrosia {unknown}
 h - 2 potions of heal wounds {unknown}
 l - a potion of attraction {unknown}
 m - a potion of magic
 n - a potion of brilliance {unknown}
 p - 3 potions of curing {unknown}
 s - a potion of lignification {unknown}
 u - a potion of degeneration {unknown}


   Skills:
 + Level 3.8 Fighting
 + Level 3.9 Maces & Flails
 + Level 3.9 Armour
 - Level 1.1 Dodging
 + Level 4.1 Invocations


You had 5 spell levels left.
You didn't know any spells.
Your spell library was empty.

Dungeon Overview and Level Annotations

Branches:
Dungeon (4/15)             Temple (0/1) D:4

Altars:
Cheibriados
Elyvilon
Zin

Shops:
D:4 *

Annotations:
D:4 Grinder


Innate Abilities, Weirdness & Mutations

You have a beak for a mouth.
You have claws for feet.
You can fly continuously.


Message History

You writhe in agony.
Grinder blinks!
Grinder gestures at you. Pain shoots through your body!
* * * LOW HITPOINT WARNING * * *
You can move again.
Okay, then.
You fade into invisibility!
Grinder hits you but does no damage.
You are very lightly contaminated with residual magic.
You closely miss Grinder. You claw Grinder.
Grinder is severely wounded.
Grinder gestures at you. You resist with significant effort.
You barely miss Grinder. You claw Grinder, but do no damage.
Your peck misses Grinder.
Grinder is severely wounded.
Grinder gestures at you. Pain shoots through your body!
You die...

.#
#.##.......<#####.####..#
.#
#.............^....###...
.#
#.##.##...#######..<....#
.# ###.##.##..##
##.###### ## #.........##
##.#.## ###.####.#####
#.###.# #.....##.....####
##.#.## #.#.#.###.......#
##.## #.#.#.# #...@5..#
#.# #.#..># #.......# #.#
#.##..# #.$.....# #.#
#.##..# #....../# #.#
#.....# #.......# #.#
####.## #.......# ##.#
#.# ######### #..# #.#
########.## #.#
#........#


You could see Grinder.

Vanquished Creatures
  An ogre (D:4)
  A hound (D:4)
  An orc priest (D:3)
  An orc wizard (D:3)
  Terence (D:3)
  8 adders
  A gnoll (D:1)
  2 worms
  A dart slug (D:2)
  5 leopard geckos
  4 orcs (D:3)
  8 bats
  6 giant cockroaches
  7 goblins
  5 hobgoblins
  3 jackals
  10 kobolds
  A quokka (D:3)
  A ball python (D:4)
  4 frilled lizards
  10 rats
81 creatures vanquished.

Notes
Turn   | Place    | Note
-------+----------+-------------------------------------------
     0 | Abyss:1  | Jerry the Tengu Abyssal Knight began the quest for the Orb.
     0 | Abyss:1  | Reached XP level 1. HP: 14/14 MP: 3/3
    28 | Abyss:1  | Noticed an ancient zyme
    55 | Abyss:2  | Found a corrupted altar of Lugonu.
    72 | Abyss:2  | Found a blossoming altar of Fedhas.
    92 | Abyss:2  | Noticed a large abomination
   101 | D:1      | Escaped the Abyss
   258 | D:1      | Reached * piety under Lugonu
   310 | D:1      | Reached XP level 2. HP: 19/19 MP: 4/4
   327 | D:1      | Reached skill level 2 in Invocations
   558 | D:1      | Reached XP level 3. HP: 12/23 MP: 5/5
  1639 | D:2      | Reached ** piety under Lugonu
  1641 | D:2      | Reached XP level 4. HP: 25/28 MP: 6/6
  1675 | D:2      | Found a white marble altar of Elyvilon.
  2348 | D:2      | Reached skill level 3 in Invocations
  2970 | D:3      | Gained mutation: You can fly continuously. [Tengu growth]
  2970 | D:3      | Reached XP level 5. HP: 30/32 MP: 8/8
  3338 | D:3      | Found a snail-covered altar of Cheibriados.
  3372 | D:3      | Noticed Terence
  3380 | D:3      | Killed Terence
  3483 | D:3      | Reached XP level 6. HP: 20/38 MP: 9/9
  4278 | D:4      | Found a staircase to the Ecumenical Temple.
  4338 | D:4      | Reached skill level 4 in Invocations
  4596 | D:4      | Found Zin's Purification Station.
  4598 | D:4      | Found a glowing silver altar of Zin.
  4855 | D:4      | Noticed Grinder
  4864 | D:4      | Paralysed by Grinder for 7 turns
  4870 | D:4      | HP: 1/38 [Grinder/nerve-wracking pain (11)]
  4873 | D:4      | Killed from afar by Grinder

Illustrated notes

Levels and vault maps discovered:
D:1:      tarquinn_simple_flora_water_e, layout_loops_ring, minmay_tetromino_o4
D:2:      minmay_inner_zag, layout_basic, elyvilon_altar_3
D:3:      layout_loops_cross, cheibriados_altar_1, kennysheep_cross_bottleneck,
          minmay_misc_feat_enclosed, minmay_increasing_density, uniq_terence
D:4:      layout_loops_cross, zin_purify, minmay_temple_entry_statues_fountains,
          uniq_grinder

Skill      XL: |  1  2  3  4  5  6 |
---------------+-------------------+-----
Invocations    | 2 3 4 |  4.1
Armour         | 3 |  3.9
Maces & Flails | 3 |  3.9
Fighting       | |  3.8
Dodging        | |  1.1

Action                   |  1- 3 |  4- 6 || total
-------------------------+-------+-------++-------
Melee: Mace              |    90 |   109 ||   199
       Kick              |    15 |    23 ||    38
       Peck              |    14 |    12 ||    26
Invok: Depart the Abyss  |     1 |       ||     1
  Use: Scroll            |       |     8 ||     8
       Potion            |       |     2 ||     2
 Stab: Distracted        |     1 |       ||     1
       Sleeping          |       |     2 ||     2
Armor: Leather armour    |    27 |    12 ||    39
Dodge: Dodged            |    63 |    50 ||   113
